Map: Dusty Gorge

Players

Leon - Winner!

  • Race: Terran Terran
  • League: Diamond
  • Spawn Location: 3:00

INSETO - Winner!

  • Race: Zerg Zerg
  • League: Platinum
  • Spawn Location: 5:00

TOPGUNNER

  • Race: Terran Terran
  • Spawn Location: 9:00

IamNaeroK

  • Race: Protoss Protoss
  • League: Diamond
  • Spawn Location: 11:00

VOD

Have the link to the VOD?

Description

Rine, ST, Lib all in @3;30

Time

  • Played on: July 30, 2018, 4:27 p.m.
  • Length: 4:10
Show
View Real Time Build Order
Export as new Build Order

Leon Terran - Winner!

Build Orders: 1/1/1, Liberator Opening 

Get SALT Encoding   

  12  0:01  SCV  
  13  0:13  SCV  
  14  0:20  Supply Depot  
  14  0:28  SCV  
  15  0:30  Refinery  
  15  0:41  SCV  
  16  0:46  Barracks  
  16  0:53  SCV  
  17  1:07  SCV  
  18  1:12  Refinery  
  18  1:19  SCV  
  19  1:33  Factory  
  19  1:34  Marine  
  20  1:41  SCV, Supply Depot  
  21  1:52  Marine  
  22  2:03  SCV  
  23  2:10  Marine  
  24  2:17  Factory Tech Lab  
  24  2:20  Starport  
  24  2:21  SCV  
  25  2:27  Marine  
  26  2:36  Siege Tank  
  29  2:45  SCV  
  29  2:46  Supply Depot  
  29  2:49  Marine  
  31  2:56  Liberator  
  31  3:03  Orbital Command  
  31  3:15  Marine  
  35  3:26  Siege Tank  
  38  3:33  SCV  
  39  4:01  Supply Depot  
  39  4:04  Supply Depot  
Show
View Real Time Build Order
Export as new Build Order

INSETO Zerg - Winner!

Build Orders: Hatch First 

Get SALT Encoding   

  12  0:06  Drone  
  13  0:15  Overlord  
  13  0:19  Drone  
  14  0:34  Drone  
  14  0:35  Drone  
  16  0:48  Drone  
  17  1:00  Drone  
  17  1:03  Hatchery  
  17  1:08  Drone  
  18  1:15  Extractor  
  17  1:24  Spawning Pool  
  17  1:25  Drone x2  
  18  1:33  Drone  
  19  1:44  Drone  
  20  1:55  Overlord  
  20  2:14  Queen  
  22  2:16  Queen  
  22  2:19  Metabolic Boost, Drone  
  22  2:21  Zergling x2  
  22  2:22  Zergling x2  
  27  2:30  Zergling x2  
  27  2:31  Zergling x2  
  29  2:39  Overlord  
  29  2:40  Zergling x2  
  30  3:04  Zergling x2  
  30  3:05  Zergling x6  
  34  3:11  Lair  
  34  3:13  Drone x2  
  34  3:17  Extractor  
  35  3:25  Drone x2  
  35  3:26  Extractor  
  36  3:28  Drone x3  
  39  3:37  Roach Warren  
  38  3:44  Zergling x8  
Show
View Real Time Build Order
Export as new Build Order

TOPGUNNER Terran 

Build Orders:  

Get SALT Encoding   

  12  0:01  SCV  
  13  0:14  SCV  
  13  0:19  Supply Depot  
  14  0:26  SCV  
  15  0:45  Barracks  
  15  0:48  SCV  
  16  1:00  SCV, Refinery  
  16  1:02  Refinery  
  17  1:12  SCV  
  18  1:46  Factory  
  18  1:50  SCV  
  19  1:59  Engineering Bay  
  19  2:20  Marine  
  20  2:25  SCV  
  21  2:31  Starport  
  21  2:38  Barracks  
  21  3:04  SCV  
  21  3:05  Marine  
  23  3:11  Starport Tech Lab  
  23  3:38  SCV  
  22  3:45  Supply Depot  
  22  3:46  Supply Depot  
  21  3:48  Marine  
  21  3:49  Marine  
Show
View Real Time Build Order
Export as new Build Order

IamNaeroK Protoss 

Build Orders:  

Get SALT Encoding   

  12  0:01  Probe  
  13  0:13  Probe  
  14  0:21  Pylon  
  14  0:25  Probe  
  15  0:39  Probe  
  15  0:42  Gateway  
  16  0:51  Probe  
  17  1:02  Assimilator  
  17  1:03  Probe  
  18  1:05  Assimilator  
  18  1:12  Pylon  
  18  1:16  Probe  
  19  1:28  Probe  
  20  1:34  Pylon  
  20  1:40  Probe  
  20  1:44  Cybernetics Core  
  21  1:47  Gateway  
  21  1:59  Gateway  
  21  2:02  Probe  
  22  2:10  Warp Gate  
  22  2:11  Pylon  
  22  2:15  Probe  
  23  2:18  Stalker  
  25  2:40  Gateway  
  25  2:47  Sentry x2  
  29  2:53  Stalker  
  31  3:13  Stalker x2  
  35  3:20  Pylon  
  35  3:24  Stalker  
  37  3:33  Stalker  
Tags
 
Add a new tag
Caveats
  • Supply blocks, unpowered buildings, or Contaminate may cause inaccurate times.
  • Supply counts are checked every 10 seconds.